MID
WEST MICHIGAN WHITECAPS @ KANNAPOLIS INTIMIDATORS
08/24/2049
 
TOP OF THE 1ST
West Michigan Whitecaps batting - Pitching for Kannapolis Intimidators : LHP Matt Granados
Pitching: LHP Matt Granados
Batting: RHB Janne Vihko 0-0: Called Strike
0-1: Foul Ball, location: 2F
0-2: Ground out 6-3 (Groundball, 6S, EV 68.1 MPH)
Batting: RHB Tanner Purchase 0-0: Ball
1-0: Swinging Strike
1-1: Called Strike
1-2: Ground out 5-3 (Groundball, 56, EV 89.4 MPH)
Batting: RHB Joel Miller 0-0: Ball
1-0: SOLO HOME RUN (Flyball, 7D, EV 96.2 MPH), Distance : 359 ft
Batting: LHB Jon Frederick 0-0: Called Strike
0-1: Ball
1-1: Ball
2-1: Ball
3-1: DOUBLE (Line Drive, 5D, EV 98.8 MPH)
Batting: RHB Ernst Meloche 0-0: Called Strike
0-1: Ball
1-1: Called Strike
1-2: Strikes out swinging
Top of the 1st over - 1 run, 2 hits, 0 errors, 1 left on base; West Michigan 1 - Kannapolis 0
BOTTOM OF THE 1ST
Kannapolis Intimidators batting - Pitching for West Michigan Whitecaps : RHP Jared Barger
Pitching: RHP Jared Barger
Batting: RHB Kunimatsu Oya 0-0: Ball
1-0: Fly out, F8 (Flyball, 8LD, EV 90.6 MPH)
Batting: SHB Noah Long 0-0: Called Strike
0-1: Ball
1-1: Ball
2-1: Swinging Strike
2-2: Ball
3-2: Fly out, F7 (Flyball, 78M, EV 78.1 MPH)
Batting: RHB Tony Garcia 0-0: Ground out 5-3 (Groundball, 15, EV 88.1 MPH)
Bottom of the 1st over - 0 runs, 0 hits, 0 errors, 0 left on base; West Michigan 1 - Kannapolis 0
TOP OF THE 2ND
West Michigan Whitecaps batting - Pitching for Kannapolis Intimidators : LHP Matt Granados
Batting: LHB Afanasy Zasekin 0-0: Ball
1-0: Foul Ball, location: 2F
1-1: Ball
2-1: Foul Ball, location: 2F
2-2: Strikes out swinging
Batting: RHB Norm Wood 0-0: Ball
1-0: Called Strike
1-1: Fly out, F8 (Flyball, 8RD, EV 107.5 MPH)
Batting: SHB Chris Wagler 0-0: Called Strike
0-1: Called Strike
0-2: Ball
1-2: Foul Ball, location: 2F
1-2: DOUBLE (Line Drive, 9LS, EV 114.4 MPH)
Batting: LHB Nick Nino 0-0: Ground out U3 (Groundball, 3, EV 89.4 MPH)
Top of the 2nd over - 0 runs, 1 hit, 0 errors, 1 left on base; West Michigan 1 - Kannapolis 0
BOTTOM OF THE 2ND
Kannapolis Intimidators batting - Pitching for West Michigan Whitecaps : RHP Jared Barger
Batting: LHB Jesus Ramirez 0-0: Ball
1-0: SINGLE (Groundball, 34D, EV 98.8 MPH)
Batting: RHB Nick Kleckner 0-0: Ball
1-0: Ball
2-0: Called Strike
2-1: Fly out, F4 (Line Drive, 4, EV 59.4 MPH)
Batting: RHB Toichiro Fujimoto 0-0: Ball
1-0: Foul Ball, location: 2F
1-1: Fly out, F8 (Flyball, 8RXD, EV 103.8 MPH)
Batting: RHB Santos Guadalupe 0-0: Ball
1-0: Foul Ball, location: 2F
1-1: Foul Ball, location: 2F
1-2: Ball
2-2: Foul Ball, location: 2F
2-2: Strikes out looking
Bottom of the 2nd over - 0 runs, 1 hit, 0 errors, 1 left on base; West Michigan 1 - Kannapolis 0
TOP OF THE 3RD
West Michigan Whitecaps batting - Pitching for Kannapolis Intimidators : LHP Matt Granados
Batting: RHB Janne Vihko 0-0: SINGLE (Line Drive, 6D, EV 97.5 MPH)
Batting: RHB Tanner Purchase 0-0: Called Strike
0-1: Grounds into double play, 5-4-3 (Groundball, 5S, EV 85.6 MPH)
Batting: RHB Joel Miller 0-0: Foul Ball, location: 2F
0-1: Ball
1-1: Ball
2-1: SINGLE (Groundball, 34D, EV 106.2 MPH)
Batting: LHB Jon Frederick 0-0: Ball
1-0: Called Strike
1-1: SINGLE (Groundball, 5D, EV 96.9 MPH)
Joel Miller to second
Batting: RHB Ernst Meloche 0-0: Foul Ball, location: 2F
0-1: Ball
1-1: Called Strike
1-2: Ball
2-2: Strikes out swinging
Top of the 3rd over - 0 runs, 3 hits, 0 errors, 2 left on base; West Michigan 1 - Kannapolis 0
BOTTOM OF THE 3RD
Kannapolis Intimidators batting - Pitching for West Michigan Whitecaps : RHP Jared Barger
Batting: LHB Jose Pereyra 0-0: Foul Ball, location: 2F
0-1: Foul Ball, location: 2F
0-2: Ball
1-2: Ball
2-2: Strikes out swinging
Batting: RHB Miguel Pacheco 0-0: Swinging Strike
0-1: Ball
1-1: Called Strike
1-2: Ball
2-2: Ground out 6-3 (Groundball, 6, EV 87.5 MPH)
Batting: RHB Kunimatsu Oya 0-0: Ball
1-0: Ground out 5-3 (Groundball, 56, EV 80.0 MPH)
Bottom of the 3rd over - 0 runs, 0 hits, 0 errors, 0 left on base; West Michigan 1 - Kannapolis 0
TOP OF THE 4TH
West Michigan Whitecaps batting - Pitching for Kannapolis Intimidators : LHP Matt Granados
Batting: LHB Afanasy Zasekin 0-0: Ball
1-0: Called Strike
1-1: Ground out 4-3 (Groundball, 4, EV 82.5 MPH)
Batting: RHB Norm Wood 0-0: Called Strike
0-1: Ball
1-1: Ball
2-1: Called Strike
2-2: Ground out 4-3 (Groundball, 4, EV 86.9 MPH)
Batting: SHB Chris Wagler 0-0: Foul Ball, location: 2F
0-1: Called Strike
0-2: SINGLE (Groundball, 56D, EV 102.5 MPH)
Batting: LHB Nick Nino 0-0: Ball
1-0: Ball
2-0: Ground out 5-3 (Groundball, 56S, EV 80.0 MPH)
Top of the 4th over - 0 runs, 1 hit, 0 errors, 1 left on base; West Michigan 1 - Kannapolis 0
BOTTOM OF THE 4TH
Kannapolis Intimidators batting - Pitching for West Michigan Whitecaps : RHP Jared Barger
Batting: SHB Noah Long 0-0: Called Strike
0-1: Fly out, F7 (Flyball, 7, EV 86.9 MPH)
Batting: RHB Tony Garcia 0-0: Ball
1-0: Fly out, F6 (Popup, 6D, EV 71.9 MPH)
Batting: LHB Jesus Ramirez 0-0: Called Strike
0-1: Ball
1-1: Foul Ball, location: 2F
1-2: Ground out 6-3 (Groundball, 6, EV 77.5 MPH)
Bottom of the 4th over - 0 runs, 0 hits, 0 errors, 0 left on base; West Michigan 1 - Kannapolis 0
TOP OF THE 5TH
West Michigan Whitecaps batting - Pitching for Kannapolis Intimidators : LHP Matt Granados
Batting: RHB Janne Vihko 0-0: Ground out 5-3 (Groundball, 5S, EV 81.2 MPH)
Batting: RHB Tanner Purchase 0-0: Fly out, F8 (Flyball, 8RM, EV 78.8 MPH)
Batting: RHB Joel Miller 0-0: Called Strike
0-1: Foul Ball, location: 2F
0-2: Strikes out looking
Top of the 5th over - 0 runs, 0 hits, 0 errors, 0 left on base; West Michigan 1 - Kannapolis 0
BOTTOM OF THE 5TH
Kannapolis Intimidators batting - Pitching for West Michigan Whitecaps : RHP Jared Barger
Batting: RHB Nick Kleckner 0-0: Foul Ball, location: 2F
0-1: Ground out 4-3 (Groundball, 4, EV 83.1 MPH)
Batting: RHB Toichiro Fujimoto 0-0: Ball
1-0: Fly out, F6 (Flyball, 6D, EV 83.1 MPH)
Batting: RHB Santos Guadalupe 0-0: Called Strike
0-1: Ball
1-1: Called Strike
1-2: Strikes out looking
Bottom of the 5th over - 0 runs, 0 hits, 0 errors, 0 left on base; West Michigan 1 - Kannapolis 0
TOP OF THE 6TH
West Michigan Whitecaps batting - Pitching for Kannapolis Intimidators : LHP Matt Granados
Batting: LHB Jon Frederick 0-0: Ball
1-0: Swinging Strike
1-1: Foul Ball, location: 2F
1-2: Foul Ball, location: 2F
1-2: Ball
2-2: Foul Ball, location: 2F
2-2: SINGLE (Line Drive, 6MD, EV 95.0 MPH)
Batting: RHB Ernst Meloche 0-0: Ball
1-0: Fly out, F9 (Line Drive, 9D, EV 108.8 MPH)
Batting: LHB Afanasy Zasekin 0-0: Ball
1-0: Ball
2-0: Ball
3-0: Called Strike
3-1: Foul Ball, location: 2F
3-2: Strikes out swinging
Batting: RHB Norm Wood 0-0: Foul Ball, location: 2F
0-1: Ball
1-1: Foul Ball, location: 2F
1-2: Ball
2-2: Foul Ball, location: 2F
2-2: Foul Ball, location: 2F
2-2: Ball
3-2: Ground out 4-3 (Groundball, 4, EV 90.0 MPH)
Top of the 6th over - 0 runs, 1 hit, 0 errors, 1 left on base; West Michigan 1 - Kannapolis 0
BOTTOM OF THE 6TH
Kannapolis Intimidators batting - Pitching for West Michigan Whitecaps : RHP Jared Barger
Batting: LHB Jose Pereyra 0-0: Ball
1-0: Swinging Strike
1-1: Swinging Strike
1-2: Fly out, F7 (Flyball, 78M, EV 95.0 MPH)
Batting: RHB Miguel Pacheco 0-0: Called Strike
0-1: Ground out 5-3 (Groundball, 56D, EV 106.9 MPH)
Batting: RHB Kunimatsu Oya 0-0: Called Strike
0-1: Foul Ball, location: 2F
0-2: Ball
1-2: Strikes out swinging
Bottom of the 6th over - 0 runs, 0 hits, 0 errors, 0 left on base; West Michigan 1 - Kannapolis 0
TOP OF THE 7TH
West Michigan Whitecaps batting - Pitching for Kannapolis Intimidators : LHP Matt Granados
Pitching: RHP Steve Friesner
Batting: SHB Chris Wagler 0-0: Ball
1-0: Swinging Strike
1-1: Foul Ball, location: 2F
1-2: Strikes out swinging
Batting: LHB Nick Nino 0-0: Ball
1-0: Called Strike
1-1: Ball
2-1: Ball
3-1: Swinging Strike
3-2: Foul Ball, location: 2F
3-2: Strikes out looking
Batting: RHB Janne Vihko 0-0: Ball
1-0: Ball
2-0: Ground out 5-3 (Groundball, 56S, EV 90.0 MPH)
Top of the 7th over - 0 runs, 0 hits, 0 errors, 0 left on base; West Michigan 1 - Kannapolis 0
BOTTOM OF THE 7TH
Kannapolis Intimidators batting - Pitching for West Michigan Whitecaps : RHP Jared Barger
Batting: SHB Noah Long 0-0: Called Strike
0-1: Ball
1-1: Ball
2-1: Foul Ball, location: 2F
2-2: Strikes out swinging
Batting: RHB Tony Garcia 0-0: Called Strike
0-1: Ball
1-1: Foul Ball, location: 2F
1-2: Ball
2-2: Strikes out swinging
Batting: LHB Jesus Ramirez 0-0: Ball
1-0: Ball
2-0: Ball
3-0: Called Strike
3-1: SINGLE (Line Drive, 4D, EV 99.4 MPH)
Pinch Hitting: LHB Ryan Dyal 0-0: Ground out U3 (Groundball, 34, EV 79.4 MPH)
Bottom of the 7th over - 0 runs, 1 hit, 0 errors, 1 left on base; West Michigan 1 - Kannapolis 0
TOP OF THE 8TH
West Michigan Whitecaps batting - Pitching for Kannapolis Intimidators : RHP Steve Friesner
Now at 2B: Ryan Dyal
Now at 3B: Santos Guadalupe
Now at SS: Kunimatsu Oya
Batting: RHB Tanner Purchase 0-0: Foul Ball, location: 2F
0-1: Swinging Strike
0-2: Ball
1-2: Strikes out swinging
Batting: RHB Joel Miller 0-0: Swinging Strike
0-1: Called Strike
0-2: Foul Ball, location: 2F
0-2: Foul Ball, location: 2F
0-2: Strikes out swinging
Batting: LHB Jon Frederick 0-0: Called Strike
0-1: Ball
1-1: Ball
2-1: Called Strike
2-2: Foul Ball, location: 2F
2-2: SOLO HOME RUN (Flyball, 7LD, EV 95.6 MPH), Distance : 346 ft
Batting: RHB Ernst Meloche 0-0: Ball
1-0: Ball
2-0: Called Strike
2-1: Foul Ball, location: 2F
2-2: Foul Ball, location: 2F
2-2: Ball
3-2: Strikes out swinging
Top of the 8th over - 1 run, 1 hit, 0 errors, 0 left on base; West Michigan 2 - Kannapolis 0
BOTTOM OF THE 8TH
Kannapolis Intimidators batting - Pitching for West Michigan Whitecaps : RHP Jared Barger
Batting: RHB Toichiro Fujimoto 0-0: Ground out 3-1 (Groundball, 34, EV 94.4 MPH)
Pinch Hitting: LHB Raul Rojas 0-0: Fly out, F9 (Flyball, 9D, EV 101.9 MPH)
Batting: LHB Jose Pereyra 0-0: Ball
1-0: Ball
2-0: Swinging Strike
2-1: Ball
3-1: Fly out, F9 (Flyball, 9D, EV 87.5 MPH)
Bottom of the 8th over - 0 runs, 0 hits, 0 errors, 0 left on base; West Michigan 2 - Kannapolis 0
TOP OF THE 9TH
West Michigan Whitecaps batting - Pitching for Kannapolis Intimidators : RHP Steve Friesner
Pitching: LHP Ray Sowers
Now at 3B: Luwen Storm
Batting: LHB Afanasy Zasekin 0-0: Foul Ball, location: 2F
0-1: Ball
1-1: Foul Ball, location: 2F
1-2: Ball
2-2: Strikes out swinging
Batting: RHB Norm Wood 0-0: Ball
1-0: DOUBLE (Groundball, 5D, EV 111.2 MPH)
Batting: SHB Chris Wagler 0-0: Intentional Walk
Batting: LHB Nick Nino 0-0: Foul Ball, location: 2F
0-1: Called Strike
0-2: Ball
1-2: SINGLE (Line Drive, 34, EV 95.0 MPH)
Norm Wood to third
Chris Wagler to second
Batting: RHB Janne Vihko 0-0: Called Strike
0-1: Grounds into fielders choice 5-2 (Groundball, 56S, EV 68.8 MPH)
Chris Wagler to third
Nick Nino to second
Batting: RHB Tanner Purchase 0-0: SINGLE (Flyball, 9LS, EV 98.1 MPH)
Chris Wagler scores
Nick Nino to third
Janne Vihko to second
Runner from 3rd tries for Home, SAFE, throw by RF to home
Batting: RHB Joel Miller 0-0: Fly out, F8 (Flyball, 8LM, EV 93.8 MPH)
Top of the 9th over - 2 runs, 3 hits, 0 errors, 2 left on base; West Michigan 4 - Kannapolis 0
BOTTOM OF THE 9TH
Kannapolis Intimidators batting - Pitching for West Michigan Whitecaps : RHP Jared Barger
Pinch Hitting: RHB Corey Dalton 0-0: Ball
1-0: Ground out 1-3 (Groundball, 13S, EV 67.5 MPH)
Batting: RHB Kunimatsu Oya 0-0: Called Strike
0-1: Ball
1-1: DOUBLE (Line Drive, 78D, EV 102.5 MPH)
Batting: SHB Noah Long 0-0: Called Strike
0-1: Ball
1-1: Called Strike
1-2: Foul Ball, location: 2F
1-2: Foul Ball, location: 2F
1-2: Foul Ball, location: 2F
1-2: Ground out U3 (Groundball, 3, EV 85.0 MPH)
Kunimatsu Oya to third
Batting: RHB Tony Garcia 0-0: Ground out 6-3 (Groundball, 6, EV 83.8 MPH)
Bottom of the 9th over - 0 runs, 1 hit, 0 errors, 1 left on base; West Michigan 4 - Kannapolis 0
Sunday, July 16th , 2023 - OOTP Baseball 24.6 Build 69